[Event "Titled Tuesday Blitz April 4 Early 2023"]
[White "Baruch, Liam"]
[Black "Chandreyee, Hajra"]
[WhiteFideId "14322064"]
[BlackFideId "5056535"]
[WhiteElo "2154"]
[BlackElo "1725"]
[Result "0-1"]
[Round "04"]
[TimeControl "180+2"]
[Date "2023.04.04"]
[WhiteClock "0:00:06"]
[BlackClock "0:00:31"]

1. e4 e6 2. d4 d5 3. Nc3 Nf6 4. e5 Nfd7 5. f4 c5 6. Nf3 Nc6 7. Be3 cxd4 8. Nxd4 Qb6 9. Na4 Qa5+ 10. c3 Nxd4 11. b4 Bxb4 12. Bxd4 Bc5 13. Nxc5 Nxc5 14. Be2 Bd7 15. O-O Ne4 16. Qb3 Bc6 17. Rfc1 O-O 18. Bd3 Qa4 19. Qxa4 Bxa4 20. Rab1 Bc6 21. Bxe4 dxe4 22. Kf2 f6 23. Ke3 f5 24. h3 Rfd8 25. Rb4 Rd5 26. g4 Ra5 27. Rc2 Rd8 28. gxf5 exf5 29. Rg2 g6 30. h4 Kf7 31. Rh2 h5 32. Rhb2 b6 33. Rg2 Bd5 34. a4 Bc6 35. e6+ Kxe6 36. Rxg6+ Kd7 37. Rg7+ Kc8 38. Rc4 Rd6 39. Be5 Rd3+ 40. Ke2 Rc5 41. Rg8+ Kb7 42. Rb8+ Ka6 43. Rxc5 bxc5 44. Rc8 Bxa4 45. Rxc5 Bd1+ 46. Ke1 Bg4 47. Bd4 e3 48. Re5 Rd1# 0-1


[Site "https://www.chess.com"]

[Event "Titled Tuesday Blitz April 4 Early 2023"]
[White "Mayaud, Raphael"]
[Black "Vargas Rodriguez, Wilver"]
[WhiteFideId "627151"]
[BlackFideId "3509672"]
[WhiteElo "2191"]
[BlackElo "2224"]
[Result "0-1"]
[Round "04"]
[TimeControl "180+2"]
[Date "2023.04.04"]
[WhiteClock "0:00:22"]
[BlackClock "0:00:05"]

1. d4 Nf6 2. Bg5 e6 3. e4 Be7 4. e5 Nd5 5. Bxe7 Nxe7 6. Nc3 d6 7. Nf3 O-O 8. Bd3 f5 9. exf6 gxf6 10. Qe2 e5 11. O-O-O Be6 12. Kb1 Kh8 13. Rhe1 Nbc6 14. h3 Qe8 15. g4 Qf7 16. Ne4 Bxa2+ 17. Kc1 Bd5 18. c4 Bxe4 19. Qxe4 f5 20. gxf5 Qxf5 21. dxe5 Nxe5 22. Nxe5 Qxe4 23. Rxe4 dxe5 24. Rxe5 Nc6 25. Re2 Rad8 26. Be4 Nd4 27. Re3 Rxf2 28. Bxb7 c5 29. Red3 Rb8 30. Bd5 Rc2+ 31. Kb1 Rbxb2+ 32. Ka1 Ra2+ 33. Kb1 Rcb2+ 34. Kc1 Rc2+ 35. Kb1 Rab2+ 36. Ka1 Rb6 37. Ra3 Rcb2 38. Rg1 Nc2# 0-1


[Site "https://www.chess.com"]

[Event "Titled Tuesday Blitz April 4 Early 2023"]
[White "Rizzo, Tobias"]
[Black "Necula, Iulian"]
[WhiteFideId "30942691"]
[BlackFideId "1232380"]
[WhiteElo "2413"]
[BlackElo "1790"]
[Result "1-0"]
[Round "04"]
[TimeControl "180+2"]
[Date "2023.04.04"]
[WhiteClock "0:00:41"]
[BlackClock "0:00:49"]

1. d4 d6 2. e4 Nf6 3. Nc3 e5 4. dxe5 dxe5 5. Qxd8+ Kxd8 6. Bc4 Be6 7. Bxe6 fxe6 8. Nf3 Bd6 9. Be3 Nbd7 10. Nd2 a6 11. f3 b5 12. Nb3 Ke7 13. Na5 Kf7 14. O-O-O Bb4 15. Nc6 Bxc3 16. bxc3 h6 17. g4 g5 18. h4 Rhg8 19. hxg5 hxg5 20. Rh6 Rg6 21. Rh2 Rag8 22. Rhd2 Ke8 23. Nb4 a5 24. Nc6 a4 25. Rh1 Kf7 26. Kb2 Nb6 27. Bxb6 cxb6 28. Nxe5+ Ke7 29. Nxg6+ Rxg6 30. Ka3 Nd7 31. Rh7+ 1-0


[Site "https://www.chess.com"]

[Event "Titled Tuesday Blitz April 4 Early 2023"]
[White "Rios Escobar, Adan"]
[Black "Maluco_do_Natal_00"]
[WhiteFideId "3403645"]
[WhiteElo "2411"]
[BlackElo "2004"]
[Result "1-0"]
[Round "04"]
[TimeControl "180+2"]
[Date "2023.04.04"]
[WhiteClock "0:00:28"]
[BlackClock "0:00:01"]

1. d4 d5 2. g3 Nf6 3. Bg2 e6 4. Nf3 c5 5. O-O Nc6 6. c4 Be7 7. cxd5 exd5 8. dxc5 Bxc5 9. a3 O-O 10. b4 Be7 11. Bb2 h6 12. Nc3 Be6 13. Rc1 Rc8 14. Qd3 a6 15. Rfd1 b5 16. e3 Qb6 17. Ne2 Rfd8 18. Nf4 Ne4 19. Nxe6 fxe6 20. Bh3 Nb8 21. Rxc8 Rxc8 22. Nd4 Kh8 23. Bxe6 Rd8 24. Bh3 Nf6 25. Nf5 Bf8 26. Bd4 Qe6 27. Kg2 Qf7 28. Nh4 Kg8 29. Bf5 1-0


[Site "https://www.chess.com"]

[Event "Titled Tuesday Blitz April 4 Early 2023"]
[White "Shuvalov, Evgenij"]
[Black "Kujawski, Adam"]
[WhiteFideId "4187237"]
[BlackFideId "1100920"]
[WhiteElo "2080"]
[BlackElo "2054"]
[Result "1-0"]
[Round "04"]
[TimeControl "180+2"]
[Date "2023.04.04"]
[WhiteClock "0:01:40"]
[BlackClock "0:00:20"]

1. d4 Nf6 2. c4 e6 3. Nc3 Bb4 4. f3 d5 5. a3 Bxc3+ 6. bxc3 O-O 7. cxd5 exd5 8. e3 Re8 9. Bd3 c5 10. Ne2 b6 11. O-O Ba6 12. Ng3 Bxd3 13. Qxd3 Nc6 14. Bb2 g6 15. e4 dxe4 16. fxe4 Ne5 17. Qe2 Neg4 18. e5 h5 19. h3 h4 20. Ne4 Nxe4 21. Qxg4 Ng3 22. Rf6 cxd4 23. cxd4 Qc8 24. Qxh4 Ne2+ 25. Kh2 Qc2 26. Raf1 Re7 27. Ba1 Kg7 28. d5 Rh8 29. Rxg6+ fxg6 30. e6+ Nc3 31. Qxe7+ Kh6 32. Qh4+ Kg7 33. Rf7+ Kg8 34. Qd8# 1-0


[Site "https://www.chess.com"]

[Event "Titled Tuesday Blitz April 4 Early 2023"]
[White "Flynn, Jacob"]
[Black "Fernandez Siles, Luis"]
[WhiteFideId "2509393"]
[BlackFideId "2209420"]
[WhiteElo "2053"]
[BlackElo "2195"]
[Result "0-1"]
[Round "04"]
[TimeControl "180+2"]
[Date "2023.04.04"]
[WhiteClock "0:01:25"]
[BlackClock "0:01:42"]

1. d4 Nf6 2. c4 g6 3. Nc3 Bg7 4. e4 d6 5. Nf3 O-O 6. Be2 c5 7. O-O Nc6 8. h3 cxd4 9. Nxd4 Nxe4 10. Nxc6 Nxc3 11. bxc3 bxc6 12. Bf3 Bxc3 13. Rb1 Bd7 14. Rb7 Qc8 15. Qb3 Be5 16. Bh6 Re8 17. Rb1 Bxh3 18. gxh3 Qxh3 19. Bxc6 Bh2+ 0-1


[Site "https://www.chess.com"]

[Event "Titled Tuesday Blitz April 4 Early 2023"]
[White "Ward, Ieuan C"]
[Black "TheKnightOfBosnia"]
[WhiteFideId "406627"]
[WhiteElo "2314"]
[BlackElo "2479"]
[Result "0-1"]
[Round "04"]
[TimeControl "180+2"]
[Date "2023.04.04"]
[WhiteClock "0:00:04"]
[BlackClock "0:00:42"]

1. d4 Nf6 2. c4 e6 3. Nf3 Bb4+ 4. Bd2 a5 5. g3 O-O 6. Bg2 d5 7. O-O dxc4 8. Ne5 Qxd4 9. Bxb4 Qxd1 10. Rxd1 axb4 11. Nxc4 Nbd7 12. Nbd2 Ra6 13. Nb3 b5 14. Nca5 c5 15. Nc6 Rb6 16. Rac1 c4 17. Nbd4 Bb7 18. Nxb4 Bxg2 19. Kxg2 Rc8 20. b3 Nd5 21. a3 N7f6 22. Kf3 g6 23. e4 Nxb4 24. axb4 e5 25. Ne2 Rbc6 26. bxc4 Rxc4 27. Rxc4 Rxc4 28. Rd8+ Kg7 29. Rb8 Rxb4 30. Kg2 Nxe4 31. Rb6 Rb2 32. Kf3 Nd2+ 33. Kg2 Nc4 0-1


[Site "https://www.chess.com"]

[Event "Titled Tuesday Blitz April 4 Early 2023"]
[White "ibove"]
[Black "Dudzinski, Pawel"]
[BlackFideId "1117890"]
[WhiteElo "2312"]
[BlackElo "2099"]
[Result "1/2-1/2"]
[Round "04"]
[TimeControl "180+2"]
[Date "2023.04.04"]
[WhiteClock "0:00:25"]
[BlackClock "0:00:04"]

1. d4 d5 2. Nf3 c6 3. Bf4 e6 4. e3 f5 5. Nbd2 Nf6 6. c4 Be7 7. cxd5 cxd5 8. Bd3 Nc6 9. a3 O-O 10. O-O Ne4 11. Bxe4 fxe4 12. Ne5 Nxe5 13. Bxe5 Bd6 14. Bxd6 Qxd6 15. Rc1 e5 16. Nb3 Bd7 17. dxe5 Qxe5 18. Qd4 Qxd4 19. Nxd4 Rac8 20. Rfd1 Kf7 21. Kf1 Kf6 22. Ke2 Ke5 23. f4+ exf3+ 24. gxf3 g5 25. Rxc8 Rxc8 26. Rg1 h6 27. h4 Rg8 28. hxg5 hxg5 29. f4+ Kf6 30. Nf3 g4 31. Nd4 Rh8 32. Rg2 Rh1 33. f5 Bxf5 34. Rf2 Rh5 35. Rf4 g3 36. Kf3 Ke5 37. Kxg3 Be4 38. Nf3+ Kd6 39. Nd2 Rg5+ 40. Kh4 Rg2 41. Nxe4+ dxe4 42. Rxe4 Rxb2 43. Kg4 b5 44. a4 b4 45. Kf3 a5 46. Rd4+ Ke5 47. Re4+ Kd5 48. Rd4+ Kc5 49. Ke4 Ra2 50. Kd3 Ra3+ 51. Kd2 Rxa4 52. Rd8 Ra3 53. e4 Kc6 54. e5 Kc7 55. Rd4 Rh3 56. Rd5 a4 57. Rd4 b3 58. Rxa4 Kd7 59. Rb4 Ke6 60. Rb5 Rh5 61. Rb6+ Ke7 62. e6 Rh6 63. Kc3 Rxe6 64. Rb7+ Kf6 65. Rxb3 Re3+ 66. Kc4 Rxb3 67. Kxb3 1/2-1/2


[Site "https://www.chess.com"]

[Event "Titled Tuesday Blitz April 4 Early 2023"]
[White "Manukyan, Artyom"]
[Black "Tagliata"]
[WhiteFideId "13305786"]
[WhiteElo "2078"]
[BlackElo "2287"]
[Result "1-0"]
[Round "04"]
[TimeControl "180+2"]
[Date "2023.04.04"]
[WhiteClock "0:02:24"]
[BlackClock "0:01:49"]

1. Nf3 Nf6 2. c4 e6 3. g3 d5 4. Bg2 dxc4 5. O-O c5 6. Na3 Bd7 7. Nxc4 Bc6 8. d3 Nbd7 9. Bf4 Nd5 10. Nd6+ Bxd6 11. Bxd6 Ne7 12. Rc1 Kf8 13. Qb3 b6 14. d4 Bd5 15. Qd3 c4 16. Qa3 Nf6 17. Ne5 Bxg2 18. Kxg2 Qe8 19. f3 Rc8 20. e4 b5 21. Qxa7 1-0


[Site "https://www.chess.com"]

[Event "Titled Tuesday Blitz April 4 Early 2023"]
[White "Vivas Zamora, Fabian Ernesto"]
[Black "Fajdetic, Hrvoje"]
[WhiteFideId "3902480"]
[BlackFideId "14501945"]
[WhiteElo "2262"]
[BlackElo "2185"]
[Result "0-1"]
[Round "04"]
[TimeControl "180+2"]
[Date "2023.04.04"]
[WhiteClock "0:00:01"]
[BlackClock "0:00:07"]

1. e4 c5 2. Nf3 a6 3. c3 d5 4. exd5 Qxd5 5. d4 Bg4 6. Be2 e6 7. h3 Bh5 8. Be3 Nd7 9. O-O Ngf6 10. c4 Qd6 11. Nc3 Be7 12. dxc5 Qxd1 13. Rfxd1 Bxc5 14. Bxc5 Nxc5 15. b4 Nce4 16. Nxe4 Nxe4 17. Rac1 Rd8 18. g4 Rxd1+ 19. Bxd1 Bg6 20. Ne5 Ke7 21. Bf3 f5 22. Bxe4 fxe4 23. c5 Rd8 24. c6 Rb8 25. Rd1 Be8 26. Nd7 Rd8 27. c7 Rc8 28. Nc5 Rxc7 29. Nxe4 Rc4 30. Nc5 Rxb4 31. Re1 Bd7 32. f4 Kd6 33. Nd3 Ra4 34. Re2 Bb5 35. Rd2 Rd4 0-1


[Site "https://www.chess.com"]

[Event "Titled Tuesday Blitz April 4 Early 2023"]
[White "Thiel, Thomas"]
[Black "Lach, Aleksandra"]
[WhiteFideId "4615964"]
[BlackFideId "1134299"]
[WhiteElo "2222"]
[BlackElo "2111"]
[Result "0-1"]
[Round "04"]
[TimeControl "180+2"]
[Date "2023.04.04"]
[WhiteClock "0:00:01"]
[BlackClock "0:00:48"]

1. e4 c5 2. Nc3 a6 3. Nge2 e5 4. Nd5 Nf6 5. Nec3 d6 6. d3 Be7 7. Nxe7 Qxe7 8. Bg5 Be6 9. g3 Nbd7 10. Bg2 O-O 11. O-O b5 12. f4 b4 13. Nd5 Bxd5 14. exd5 h6 15. fxe5 Qxe5 16. Bf4 Qd4+ 17. Kh1 Ne5 18. Qe1 Rae8 19. c3 bxc3 20. Qxc3 Qa4 21. b3 Qb5 22. d4 cxd4 23. Qxd4 Nfd7 24. Bh3 f5 25. Rae1 Rf6 26. Bxe5 dxe5 27. Qc4 Qxc4 28. bxc4 g6 29. Rb1 Rc8 30. Rfc1 Rb6 31. Bf1 Kf8 32. a4 a5 33. Rb5 Ke7 34. c5 Rxb5 35. d6+ Kd8 0-1


[Site "https://www.chess.com"]

[Event "Titled Tuesday Blitz April 4 Early 2023"]
[White "Mikhaylova, Irina"]
[Black "Melikhov, Evgeny V."]
[WhiteFideId "4109040"]
[BlackFideId "4122046"]
[WhiteElo "1975"]
[BlackElo "2158"]
[Result "0-1"]
[Round "04"]
[TimeControl "180+2"]
[Date "2023.04.04"]
[WhiteClock "0:00:11"]
[BlackClock "0:00:18"]

1. d4 Nf6 2. Nf3 d5 3. c4 e6 4. cxd5 exd5 5. Nc3 Bb4 6. Bg5 h6 7. Bxf6 Qxf6 8. Rc1 O-O 9. a3 Bxc3+ 10. Rxc3 c6 11. e3 Bf5 12. Bd3 Nd7 13. Bxf5 Qxf5 14. O-O Nf6 15. b4 Ne4 16. Rb3 a6 17. Qc2 Qh5 18. Qd1 Rae8 19. Ne5 Qf5 20. Qc2 f6 21. Nf3 Qh5 22. Qd1 f5 23. Ne5 Qxd1 24. Rxd1 f4 25. f3 Nd6 26. Ng6 fxe3 27. Nxf8 Kxf8 28. Re1 Nc4 29. Rd3 b5 30. Kf1 a5 31. bxa5 Ra8 32. Rexe3 Nxe3+ 33. Rxe3 Rxa5 34. Rc3 Ra6 35. Ke2 Ke7 36. Kd2 Kd6 37. Kc2 Ra8 38. Re3 c5 39. dxc5+ Kxc5 40. Re7 g5 41. Rc7+ Kd4 42. Rc3 Ra4 43. Rb3 Kc5 44. Rc3+ Rc4 45. Kd3 d4 46. Rb3 Rc1 47. Rb2 Rc3+ 48. Ke4 Re3+ 49. Kf5 Rxa3 50. Rc2+ Rc3 51. Rd2 d3 52. Ke4 Kc4 53. g3 b4 54. f4 gxf4 55. gxf4 b3 56. f5 Rc1 57. Rxd3 Re1+ 0-1


[Site "https://www.chess.com"]

[Event "Titled Tuesday Blitz April 4 Early 2023"]
[White "Legenia, Artem"]
[Black "Pirvulescu, Ekaterina"]
[WhiteFideId "14136945"]
[BlackFideId "13506374"]
[WhiteElo "1992"]
[BlackElo "2006"]
[Result "0-1"]
[Round "04"]
[TimeControl "180+2"]
[Date "2023.04.04"]
[WhiteClock "0:00:14"]
[BlackClock "0:00:31"]

1. e4 Nf6 2. e5 Nd5 3. Bc4 Nb6 4. Bb3 d6 5. exd6 cxd6 6. d4 g6 7. c3 Bg7 8. h3 O-O 9. Nf3 Bf5 10. O-O Nc6 11. Re1 e5 12. Bg5 Qc7 13. dxe5 dxe5 14. Nbd2 h6 15. Be3 Rad8 16. Qc1 Nd5 17. Bc5 Rfe8 18. Ne4 Nf4 19. Bc2 Nd3 20. Bxd3 Rxd3 21. Nfd2 Red8 22. Be3 Kh7 23. Qc2 Ne7 24. Qb3 Nd5 25. Rad1 Nxe3 26. Rxe3 Bxe4 27. Rxe4 Rxd2 28. Rde1 b6 29. Qc4 Qxc4 30. Rxc4 R8d7 31. a4 Rxb2 32. g3 Rdd2 0-1


[Site "https://www.chess.com"]

[Event "Titled Tuesday Blitz April 4 Early 2023"]
[White "Ansh M Shah"]
[Black "Kornyukov, Alexey"]
[WhiteFideId "25033379"]
[BlackFideId "4150457"]
[WhiteElo "2084"]
[BlackElo "2352"]
[Result "0-1"]
[Round "04"]
[TimeControl "180+2"]
[Date "2023.04.04"]
[WhiteClock "0:00:09"]
[BlackClock "0:01:44"]

1. d4 d5 2. c4 e6 3. g3 Nf6 4. Bg2 Be7 5. Nf3 O-O 6. O-O dxc4 7. Qc2 a6 8. a4 Nc6 9. Qxc4 Bd7 10. Bf4 Nd5 11. Nc3 Nxf4 12. gxf4 Bd6 13. Ne5 f6 14. Nxc6 bxc6 15. e3 Kh8 16. Kh1 e5 17. fxe5 fxe5 18. dxe5 Bxe5 19. f4 Bd6 20. Bxc6 Bxc6+ 21. Qxc6 Qh4 22. Rae1 Rae8 23. Qxa6 Bxf4 24. Qe2 Bd6 25. e4 Rxf1+ 26. Rxf1 h6 27. Qf3 Qxh2# 0-1


[Site "https://www.chess.com"]

[Event "Titled Tuesday Blitz April 4 Early 2023"]
[White "Levine, David"]
[Black "HamedWafa4"]
[WhiteFideId "2011611"]
[WhiteElo "2091"]
[BlackElo "2359"]
[Result "0-1"]
[Round "04"]
[TimeControl "180+2"]
[Date "2023.04.04"]
[WhiteClock "0:00:06"]
[BlackClock "0:00:41"]

1. d4 Nf6 2. c4 e6 3. g3 d5 4. Bg2 Bb4+ 5. Bd2 Be7 6. Nf3 O-O 7. O-O c6 8. Qc2 Nbd7 9. Rd1 b6 10. Bf4 Ba6 11. b3 Rc8 12. Nbd2 c5 13. dxc5 Nxc5 14. Rac1 Bb7 15. Qb2 Qe8 16. Be5 Ncd7 17. Bd4 Bd6 18. Ne5 Nxe5 19. Bxe5 Bxe5 20. Qxe5 Qe7 21. cxd5 Bxd5 22. e4 Bb7 23. Nc4 Rfd8 24. h3 b5 25. Na5 Rxd1+ 26. Rxd1 Ba8 27. Qxb5 Bxe4 28. Bxe4 Nxe4 29. Qe5 Nc3 30. Re1 h6 31. Nc4 Nxa2 32. Ra1 Nb4 33. Qb5 Nd5 34. Qa4 Rb8 35. Na5 Qc5 36. Nc6 Ra8 37. Nxa7 Nc3 38. Qa6 Ne2+ 39. Kf1 Nd4 40. Qb7 Rd8 41. Nc6 Nxc6 0-1


[Site "https://www.chess.com"]

[Event "Titled Tuesday Blitz April 4 Early 2023"]
[White "Kaczur, Florian"]
[Black "Simonovic, Miroslav"]
[WhiteFideId "705098"]
[BlackFideId "919152"]
[WhiteElo "2485"]
[BlackElo "2042"]
[Result "1-0"]
[Round "04"]
[TimeControl "180+2"]
[Date "2023.04.04"]
[WhiteClock "0:01:04"]
[BlackClock "0:01:11"]

1. d4 Nf6 2. c4 c5 3. dxc5 e6 4. Nf3 Bxc5 5. Nc3 O-O 6. g3 d5 7. cxd5 Nxd5 8. Nxd5 Qxd5 9. Qxd5 exd5 10. Bg2 Nc6 11. O-O d4 12. Bd2 Be6 13. Rfc1 Bb6 14. Ng5 Bd7 15. Be4 h6 16. Nf3 Rfe8 17. Bd3 a6 18. Rc2 Bg4 19. Kg2 Ne5 20. Nxe5 Rxe5 21. Bf4 Re7 22. Rac1 Rae8 23. f3 Be6 24. Bc7 Bxc7 25. Rxc7 Bxa2 26. Rxe7 Rxe7 27. Rc8+ 1-0


[Site "https://www.chess.com"]

[Event "Titled Tuesday Blitz April 4 Early 2023"]
[White "Bolourchifard, Farzad"]
[Black "Floresvillar Gonzalez, Luis Migu"]
[WhiteFideId "12510084"]
[BlackFideId "5100542"]
[WhiteElo "2317"]
[BlackElo "2040"]
[Result "1-0"]
[Round "04"]
[TimeControl "180+2"]
[Date "2023.04.04"]
[WhiteClock "0:00:28"]
[BlackClock "0:00:01"]

1. e4 c6 2. d4 d5 3. e5 c5 4. dxc5 Nc6 5. Nf3 e6 6. Be3 Qc7 7. Bb5 Ne7 8. O-O a6 9. Ba4 Ng6 10. Bd4 Bd7 11. Bxc6 Qxc6 12. b4 Be7 13. c3 O-O 14. a4 a5 15. Nbd2 axb4 16. cxb4 Rxa4 17. Rxa4 Qxa4 18. Qxa4 Bxa4 19. Ra1 Bb5 20. Ra7 Rb8 21. Nb3 Nf4 22. Na5 Ne2+ 23. Kh1 Ba6 24. c6 Bxb4 25. Nxb7 Bxb7 26. Rxb7 Ra8 27. c7 Bf8 28. Rb8 Ra4 29. Rxf8+ 1-0


[Site "https://www.chess.com"]

[Event "Titled Tuesday Blitz April 4 Early 2023"]
[White "EdmundPlayer"]
[Black "Florescu, Codrut-Constantin"]
[BlackFideId "1202200"]
[WhiteElo "2235"]
[BlackElo "2191"]
[Result "0-1"]
[Round "04"]
[TimeControl "180+2"]
[Date "2023.04.04"]
[WhiteClock "0:00:09"]
[BlackClock "0:00:20"]

1. e4 c5 2. Nf3 e6 3. d4 cxd4 4. Nxd4 Nf6 5. Nc3 d6 6. Bg5 Be7 7. Qd2 a6 8. f4 Qc7 9. O-O-O Nbd7 10. Nf3 b5 11. Bd3 Bb7 12. a3 h6 13. Bh4 g5 14. fxg5 hxg5 15. Bxg5 Ne5 16. Rhf1 Nxd3+ 17. cxd3 Ng4 18. h3 Ne5 19. Nxe5 dxe5 20. Bxe7 Qxe7 21. d4 exd4 22. Qxd4 Rg8 23. Rf2 Rc8 24. Kb1 Bc6 25. Qb6 Qb7 26. Qxb7 Bxb7 27. Re2 Bc6 28. Na2 a5 29. b4 a4 30. Nc1 Rg3 31. Rd3 Bxe4 32. Rxe4 Rxc1+ 33. Kxc1 Rxd3 34. Re5 Rxa3 35. Rxb5 Ra2 36. g4 Rh2 37. Ra5 Rxh3 38. Rxa4 Kd7 39. Kc2 Kd6 40. b5 Kc5 41. Ra7 Rf3 42. Rb7 Rf4 43. Kd2 Rxg4 44. Rxf7 Kxb5 45. Ke3 Kc4 46. Rd7 Kc5 47. Kf3 Rb4 48. Ke3 Ra4 49. Rd8 Rh4 50. Rd3 Rh3+ 51. Ke2 Rxd3 52. Kxd3 Kd5 53. Kc2 Ke4 54. Kd2 Kf3 55. Kd3 e5 56. Kd2 e4 57. Ke1 Ke3 58. Kd1 Kf2 59. Kd2 e3+ 60. Kd3 e2 61. Ke4 e1=Q+ 62. Kf4 Qe3+ 63. Kg4 0-1


[Site "https://www.chess.com"]

[Event "Titled Tuesday Blitz April 4 Early 2023"]
[White "Blokhin, Sofia"]
[Black "Vaglio Munoz, Jaime"]
[WhiteFideId "4508190"]
[BlackFideId "6500145"]
[WhiteElo "1994"]
[BlackElo "2199"]
[Result "1-0"]
[Round "04"]
[TimeControl "180+2"]
[Date "2023.04.04"]
[WhiteClock "0:00:33"]
[BlackClock "0:00:27"]

1. d4 c6 2. e4 b5 3. Nc3 b4 4. Nce2 Ba6 5. f4 d5 6. e5 e6 7. Nf3 c5 8. Be3 Nh6 9. dxc5 Nf5 10. Bf2 Qc7 11. g4 Nh6 12. g5 Nf5 13. Bh3 g6 14. Bxf5 gxf5 15. Qd4 Bxe2 16. Kxe2 Nc6 17. Qd2 Qa5 18. Nd4 Bxc5 19. Nxc6 Qb5+ 20. c4 Qxc6 21. Bxc5 Qxc5 22. cxd5 exd5 23. Rac1 Qb5+ 24. Qd3 Qxd3+ 25. Kxd3 Kd7 26. Kd4 h6 27. gxh6 Rxh6 28. Kxd5 Rh4 29. Rc4 Rb8 30. Rhc1 Rb5+ 31. Rc5 Rxc5+ 32. Rxc5 Rxf4 33. Ra5 Kc7 34. Rxa7+ 1-0


[Site "https://www.chess.com"]

[Event "Titled Tuesday Blitz April 4 Early 2023"]
[White "Sankalan Shah"]
[Black "Okike, David"]
[WhiteFideId "25600362"]
[BlackFideId "8500134"]
[WhiteElo "2118"]
[BlackElo "2232"]
[Result "0-1"]
[Round "04"]
[TimeControl "180+2"]
[Date "2023.04.04"]
[WhiteClock "0:00:16"]
[BlackClock "0:01:18"]

1. d4 Nf6 2. c4 e6 3. Nf3 Bb4+ 4. Bd2 a5 5. g3 b6 6. Bg2 Ba6 7. Qc2 c6 8. O-O O-O 9. b3 d5 10. Ne5 Nfd7 11. Nd3 Be7 12. Bf4 Nf6 13. Nd2 Nbd7 14. cxd5 cxd5 15. Bc7 Qe8 16. Rac1 Ba3 17. Nb2 Rc8 18. Qb1 Bxe2 19. Rfe1 Ba6 20. Bf4 h6 21. Rxc8 Qxc8 22. Nd3 g5 23. Be3 Ng4 24. Ne5 Ndxe5 25. dxe5 Nxe3 26. fxe3 Qc3 27. Nf3 Bd3 28. Qd1 Bb4 29. Bf1 Be4 30. Nd4 Qxe1 0-1


[Site "https://www.chess.com"]

[Event "Titled Tuesday Blitz April 4 Early 2023"]
[White "Dahlgren, James Allen"]
[Black "Hoffmann, Asa"]
[WhiteFideId "22256873"]
[BlackFideId "2001470"]
[WhiteElo "2193"]
[BlackElo "2117"]
[Result "0-1"]
[Round "04"]
[TimeControl "180+2"]
[Date "2023.04.04"]
[WhiteClock "0:00:02"]
[BlackClock "0:01:05"]

1. e4 d6 2. d4 Nf6 3. Nc3 c6 4. f4 Qa5 5. Nf3 Nxe4 6. Bd2 Nxd2 7. Qxd2 Bf5 8. Bd3 e6 9. O-O-O Nd7 10. Kb1 Be7 11. h3 Qc7 12. Bxf5 exf5 13. Rhe1 Nf6 14. Qe2 Kf8 15. Rd3 Re8 16. Re3 g6 17. d5 c5 18. Nb5 Qd7 19. c4 Ne4 20. Nxa7 Bf6 21. Ng5 Bxg5 22. fxg5 Kg7 23. Nb5 h6 24. gxh6+ Rxh6 25. Ka1 Re5 26. Qd3 Rh8 27. Nc3 Nxc3 28. Rxe5 dxe5 29. Qxc3 f6 30. Qb3 Re8 31. Rd1 e4 32. d6 e3 33. Qd3 Re6 34. a3 f4 0-1


[Site "https://www.chess.com"]

[Event "Titled Tuesday Blitz April 4 Early 2023"]
[White "Ciuffoletti, Paolo"]
[Black "Jimenez Jimenez, Leandro"]
[WhiteFideId "807630"]
[BlackFideId "6415253"]
[WhiteElo "2143"]
[BlackElo "2263"]
[Result "0-1"]
[Round "04"]
[TimeControl "180+2"]
[Date "2023.04.04"]
[WhiteClock "0:00:01"]
[BlackClock "0:00:12"]

1. e4 e5 2. Nf3 Nc6 3. Bc4 Bc5 4. b4 Bxb4 5. c3 Ba5 6. d4 d6 7. dxe5 Bg4 8. Qb3 Qd7 9. exd6 Bb6 10. Nbd2 Na5 11. Bxf7+ Qxf7 12. Qxf7+ Kxf7 13. Ne5+ Ke6 14. Nxg4 cxd6 15. O-O Rc8 16. Bb2 Ne7 17. Kh1 g5 18. Nf3 Rhf8 19. Rad1 Rxf3 20. gxf3 Nc4 21. Bc1 Rg8 22. Be3 Ba5 23. Bd4 a6 24. Nf6 Rg7 25. Nd5 Rf7 26. Nxe7 Kxe7 27. Kg2 h5 28. Rfe1 Nb2 29. Rd2 Nc4 30. Rdd1 Bc7 31. h3 b5 32. Rb1 Na3 33. Rb3 Nc4 34. a4 Nd2 35. Rb2 Nxf3 36. Re3 Nh4+ 37. Kf1 bxa4 38. Rb7 Kd8 39. e5 Nf5 40. Re1 Kc8 41. e6 Re7 42. Ra7 Nxd4 43. cxd4 d5 44. Rxa6 g4 45. Rxa4 gxh3 46. Ra3 h2 47. Rh3 Kd8 48. Rxh5 Re8 49. Rh7 Bd6 50. Kg2 Rg8+ 51. Kh1 Ke8 52. Rd7 Bf4 53. Rb7 Kd8 54. Rb8+ Bxb8 55. e7+ Ke8 56. Re6 Rg1# 0-1


[Site "https://www.chess.com"]

[Event "Titled Tuesday Blitz April 4 Early 2023"]
[White "Kiseleva, Arina"]
[Black "krucki03"]
[WhiteFideId "4164989"]
[WhiteElo "1708"]
[BlackElo "2380"]
[Result "0-1"]
[Round "04"]
[TimeControl "180+2"]
[Date "2023.04.04"]
[WhiteClock "0:00:01"]
[BlackClock "0:00:18"]

1. d4 g6 2. c4 Bg7 3. Nc3 c6 4. e4 d5 5. cxd5 cxd5 6. e5 Nc6 7. f4 h5 8. Nf3 Nh6 9. Bb5 O-O 10. O-O Bg4 11. Be3 Nf5 12. Qd2 Bxf3 13. Rxf3 e6 14. Bd3 Nce7 15. g3 Rc8 16. h3 Qb6 17. Na4 Qc6 18. b3 b6 19. g4 hxg4 20. hxg4 Nxe3 21. Qxe3 f6 22. Rh3 f5 23. Qg3 Kf7 24. Kf2 Rh8 25. gxf5 gxf5 26. Rg1 Rcg8 27. Rxh8 Bxh8 28. Qh3 Rxg1 29. Kxg1 Qc1+ 30. Bf1 Qxf4 31. Qxh8 Qxd4+ 32. Kg2 Qg4+ 33. Kf2 Ng6 34. Qf6+ Kg8 35. Qxe6+ Kh7 36. Qxd5 Qf4+ 37. Ke1 Nxe5 38. Qb7+ Kh6 39. Qxa7 Nf3+ 40. Kd1 Qd2# 0-1


[Site "https://www.chess.com"]

[Event "Titled Tuesday Blitz April 4 Early 2023"]
[White "Yanayt, Eugene"]
[Black "Arcos Facio, Mateo"]
[WhiteFideId "2020165"]
[BlackFideId "3001199"]
[WhiteElo "2083"]
[BlackElo "2156"]
[Result "0-1"]
[Round "04"]
[TimeControl "180+2"]
[Date "2023.04.04"]
[WhiteClock "0:00:02"]
[BlackClock "0:00:03"]

1. Nf3 g6 2. d4 Bg7 3. c4 Nf6 4. Nc3 O-O 5. e4 d6 6. Be2 e5 7. O-O Nc6 8. d5 Ne7 9. Ne1 Ne8 10. Be3 f5 11. f3 f4 12. Bf2 h5 13. c5 g5 14. a4 Nf6 15. cxd6 cxd6 16. a5 g4 17. Nb5 g3 18. Bxa7 Ng6 19. Bb6 Qe7 20. Nc7 Nh7 21. Ne6 Qh4 22. h3 Ng5 23. Nxg5 Qxg5 24. Nd3 Qh4 25. Nf2 Ra6 26. Bxa6 bxa6 27. Rc1 Bd7 28. Nd3 Bxh3 29. gxh3 Qxh3 30. Rc2 Nh4 31. Ne1 Rf6 32. Qe2 Rg6 33. Rd2 Bf6 34. Rc2 g2 35. Nxg2 Rxg2+ 36. Qxg2+ Nxg2 37. Rff2 Ne3 38. Bxe3 fxe3 39. Rg2+ Kf7 40. Rc7+ Kf8 41. Rc8+ Kf7 42. Rgg8 e2 43. Rgf8+ Kg7 44. Rg8+ Kh6 45. Rc1 Bh4 0-1


[Site "https://www.chess.com"]